 Dungeon Crawl Stone Soup version 0.27.1-1-g398f81649c (webtiles) character file.

Game seed: 6288304614586441409

599 Crownlay the Fighter (level 7, -9/72 HPs)
             Began as a Minotaur Monk on Sept 21, 2021.
             Mangled by Pikel (11 damage)
             ... on level 4 of the Dungeon.
             The game lasted 00:09:21 (4465 turns).

Crownlay the Fighter (Minotaur Monk)                Turns: 4465, Time: 00:09:21

Health: -9/72      AC:  3    Str: 16    XL:     7   Next: 17%
Magic:  6/6        EV: 13    Int:  7    God:
Gold:   111        SH:  0    Dex: 14    Spells: 6/6 levels left

rFire    . . .     SeeInvis .   a - +0 falchion
rCold    . . .     Faith    .   (no shield)
rNeg     . . .     Spirit   .   b - +0 robe
rPois    .         Reflect  .   (helmet restricted)
rElec    .         Harm     .   (no cloak)
rCorr    .         Rampage  .   (no gloves)
Will     .....                  c - +0 pair of boots
Stlth    ++........             (no amulet)
HPRegen  0.22/turn              (no ring)
MPRegen  0.10/turn              (no ring)

@: hasted, very quick
A: horns 2, retaliatory headbutt
a: no special abilities


You were on level 4 of the Dungeon.
You visited 1 branch of the dungeon, and saw 4 of its levels.
You also visited: Sewer.

You collected 111 gold pieces.

Inventory:

Hand Weapons
 a - a +0 falchion (weapon)
Missiles
 t - a curare-tipped dart (quivered)
Armour
 b - a +0 robe (worn)
 c - a +0 pair of boots (worn)
Scrolls
 d - a scroll of immolation
 g - a scroll of fog
 q - a scroll of amnesia {unknown}
 r - a scroll of silence {unknown}
 u - 2 scrolls of identify
 w - a scroll of teleportation {unknown}
Potions
 e - a potion of lignification {unknown}
 f - 2 potions of magic {unknown}
 h - 3 potions of curing {unknown}
 i - 2 potions of invisibility {unknown}
 j - 3 potions of haste
 k - a potion of ambrosia {unknown}
 l - 4 potions of heal wounds {unknown}
 m - 2 potions of resistance {unknown}
 n - 3 potions of mutation {unknown}
 o - 4 potions of brilliance {unknown}
 p - a potion of flight {unknown}
 s - 2 potions of might {unknown}
 v - a potion of degeneration {unknown}


   Skills:
 * Level 10.0 Fighting
 - Level 3.6 Long Blades
 - Level 3.2 Dodging
 - Level 1.5 Stealth


You had 6 spell levels left.
You didn't know any spells.
Your spell library contained the following spells:

 Spells                   Type           Power      Damage    Failure   Level
 Animate Skeleton         Necr           0%         N/A       43%         1
 Apportation              Tloc           0%         N/A       43%         1
 Beastly Appendage        Tmut           0%         N/A       43%         1
 Corona                   Hex            0%         N/A       43%         1
 Summon Small Mammal      Summ           0%         N/A       43%         1
 Wereblood                Tmut           0%         N/A       56%         2
 Spider Form              Tmut/Pois      0%         N/A       80%         3
 Animate Dead             Necr           0%         N/A       99%         4
 Borgnjor's Vile Clutch   Necr/Erth      0%         N/A       100%        5
 Death Channel            Necr           0%         N/A       100%        6


Dungeon Overview and Level Annotations

Branches:
Dungeon (4/15)              Sewer (visited)
 Temple: D:4-7

Altars:
Dithmenos
Fedhas
Makhleb
Okawaru
Zin

Shops:
D:1 ?

Annotations:
D:4 Grinder, Pikel


Innate Abilities, Weirdness & Mutations

You have a pair of horns on your head.
You reflexively headbutt those who attack you in melee.


Message History

You hear a shout!
Grinder comes into view.
You barely miss the lemure.
Eustachio utters an oath, "I will die for my friends!"
The lemure closely misses you.
You riposte.
You closely miss the lemure. Your headbutt misses the lemure.
You miss Eustachio. You headbutt Eustachio!
Eustachio is severely wounded.
Grinder says, "You look like you could use a good racking."
Grinder blinks!
The lemure hits you. Eustachio hits you with a +0 rapier.
You hit Eustachio but do no damage.
Eustachio is severely wounded.
Grinder blinks!
The lemure hits you! Eustachio hits you with a +0 rapier.
You are too injured to fight recklessly!
You are too injured to fight recklessly!
You are too injured to fight recklessly!
You hit Eustachio but do no damage.
Eustachio is severely wounded.
The lemure misses you. You furiously retaliate!
You headbutt the lemure!
Grinder blinks!
The lemure closely misses you. Eustachio barely misses you.
You furiously retaliate!
You headbutt Eustachio. The lemure hits you.
You slash Eustachio!
Eustachio is almost dead.
Grinder gestures at you. You resist with significant effort.
Eustachio misses you. You furiously retaliate!
You headbutt Eustachio!
You kill Eustachio!
Pikel hits you with a +1 whip of electrocution.
You are electrocuted!!
* * * LOW HITPOINT WARNING * * *
The lemure barely misses you. Grinder closely misses you.
Training target 10.0 for Fighting reached!
Your Fighting skill increases to level 10!
You need to enable at least one skill for training.
You have reached level 7!
It was a potion of haste.
You feel yourself speed up. The lemure misses you.
You riposte.
You barely miss the lemure. You headbutt the lemure.
The lemure is lightly wounded.
Pikel hits you with a +1 whip of electrocution!
You die...

............#####....#
.....<......#.........
............'.........
............#.........
............#..#######
#####......#..###....
#......#.........
#<.....+5........
#......#5@5##....
#......#)5K# ...
#......#.5.# ..
#......#...# .
#......#...#
#......#...#
..#+####...# ....#


You could see Pikel, Grinder and 4 lemures.

Vanquished Creatures
  Eustachio (D:4)
  A kobold brigand (Sewer)
  A scorpion (D:4)
  A hound (D:4)
  Natasha (thrice) (D:2)
  6 adders
  5 river rats
  A worm (D:3)
  6 dart slugs
  10 endoplasms
  2 giant cockroaches
  5 hobgoblins
  5 jackals
  19 kobolds
  5 quokkas
  19 ball pythons
  5 bats
  6 frilled lizards
  9 goblins
  25 rats
135 creatures vanquished.

Notes
Turn   | Place    | Note
-------+----------+-------------------------------------------
     0 | D:1      | Crownlay the Minotaur Monk began the quest for the Orb.
     0 | D:1      | Reached XP level 1. HP: 19/19 MP: 0/0
    46 | D:1      | Reached skill level 4 in Fighting
   220 | D:1      | Reached XP level 2. HP: 28/28 MP: 1/1
   249 | D:1      | Found a faded altar of an unknown god.
   611 | D:1      | Reached skill level 5 in Fighting
   707 | D:1      | Found Ometuap's Magic Scroll Boutique.
   780 | D:1      | Reached XP level 3. HP: 36/36 MP: 2/2
  1191 | D:2      | Noticed Natasha
  1203 | D:2      | Killed Natasha
  1204 | D:2      | Reached skill level 6 in Fighting
  1204 | D:2      | Reached XP level 4. HP: 15/44 MP: 3/3
  1432 | D:2      | Noticed Natasha
  1579 | D:2      | Killed Natasha
  1762 | D:2      | Noticed Natasha
  1771 | D:2      | Killed Natasha
  1772 | D:2      | Reached skill level 7 in Fighting
  1772 | D:2      | Reached XP level 5. HP: 43/52 MP: 4/4
  2275 | D:3      | Found a shadowy altar of Dithmenos.
  2280 | D:3      | Found a blossoming altar of Fedhas.
  2280 | D:3      | Found a glowing silver altar of Zin.
  2422 | D:3      | Found an iron altar of Okawaru.
  2571 | D:3      | Found a glowing drain.
  2578 | Sewer    | Entered a sewer
  3081 | Sewer    | Reached skill level 8 in Fighting
  3436 | Sewer    | Reached XP level 6. HP: 57/61 MP: 5/5
  4156 | D:3      | Found a burning altar of Makhleb.
  4368 | D:4      | Reached skill level 9 in Fighting
  4453 | D:4      | Noticed Eustachio
  4455 | D:4      | Noticed Pikel
  4460 | D:4      | Noticed Grinder
  4464 | D:4      | Killed Eustachio
  4464 | D:4      | HP: 1/63 [Pikel (18)]
  4465 | D:4      | Reached skill level 10 in Fighting
  4465 | D:4      | Reached XP level 7. HP: 1/72 MP: 6/6
  4465 | D:4      | Mangled by Pikel

Illustrated notes

Levels and vault maps discovered:
D:1:      minmay_arrival_four_loops, layout_basic,
          shapermc_ecumenical_altar_totnotflames, serial_shops,
          nicolae_shop_crystal, minmay_cut_off
D:2:      layout_rooms, minmay_shallow_snake_nest, uniq_natasha
D:3:      layout_basic, okawaru_trees_1, grunt_temple_overflow_open,
          bloody_makhleb, gup_sewer_entry_bowl, kennysheep_doodads,
          grunt_decor_one_mirror
D:4:      layout_gridville, minmay_temple_entry_butterflies, uniq_eustachio,
          uniq_grinder, uniq_pikel, uniq_sigmund

Skill      XL: |  1  2  3  4  5  6 |
---------------+-------------------+-----
Fighting       | 4 5 6 7 8 10 | 10.0
Long Blades    | |  3.6
Dodging        | |  3.2
Stealth        | |  1.5

Action                   |  1- 3 |  4- 6 |  7- 9 || total
-------------------------+-------+-------+-------++-------
Melee: Falchion          |    72 |   193 |       ||   265
       Headbutt          |    19 |    33 |     1 ||    53
       Unarmed           |       |     7 |       ||     7
  Use: Scroll            |       |     2 |       ||     2
       Potion            |       |       |     1 ||     1
 Stab: Sleeping          |     5 |     5 |       ||    10
Armor: Robe              |    19 |    38 |       ||    57
Dodge: Dodged            |    50 |   164 |     1 ||   215
       Rpst.: Falchion   |    13 |    35 |     1 ||    49
